 Dungeon Crawl Stone Soup version 0.17-a0-737-gf0a300a (webtiles) character file.

177 Ngotmuk the Shield-Bearer (level 5, 0/50 HPs)
             Began as a Deep Dwarf Fighter on Apr 26, 2015.
             Slain by an orc wizard
             ... wielding a +1 dagger of draining
              (1 damage)
             ... on level 3 of the Dungeon.
             The game lasted 00:04:43 (1019 turns).

Ngotmuk the Shield-Bearer (Deep Dwarf Fighter)      Turns: 1019, Time: 00:04:43

Health: 0/50       AC:  7    Str: 21    XL:     5   Next: 30%
Magic:  5/5        EV:  6    Int:  8    God:
Gold:   149        SH:  7    Dex: 12    Spells: 0 memorised, 4 levels left

rFire  . . .     SeeInvis .     a - +0 war axe
rCold  . . .     Clarity  .     b - +0 scale mail
rNeg   . . .     SustAb   .     c - +0 shield
rPois  .         Gourm    .     (no helmet)
rElec  .         Spirit   .     (no cloak)
rCorr  .         Warding  .     (no gloves)
rMut   .         Stasis   .     (no boots)
MR     .....                    (no amulet)
Stlth  ..........               (no ring)
                                i - +1 ring of protection

@: non-regenerating, very heavily drained, not resistant to hostile
enchantments, extremely unstealthy
A: damage resistance, recharge devices, sense surroundings 1, slow healing 3
a: Device Recharging


You were on level 3 of the Dungeon.
You were not hungry.

You visited 1 branch of the dungeon, and saw 3 of its levels.

You collected 149 gold pieces.

Inventory:

Hand weapons
 a - a +0 war axe (weapon)
Armour
 b - a +0 scale mail (worn)
 c - a +0 shield (worn)
Jewellery
 i - a +1 ring of protection (left hand)
Magical devices
 e - a wand of heal wounds (4)
Scrolls
 g - a scroll of teleportation {unknown}
 h - 5 scrolls of identify {unknown}
 j - a scroll of magic mapping {unknown}
 k - a scroll of fear {unknown}
 p - a scroll of enchant armour {unknown}
Potions
 d - a potion of might
 l - a potion of lignification {unknown}
 m - a potion of restore abilities {unknown}
 n - a potion of invisibility {unknown}
 o - a potion of heal wounds {unknown}
 r - a potion of ambrosia {unknown}
Comestibles
 f - a bread ration


   Skills:
 + Level 3.6(0.0) Fighting
 + Level 3.2(0.0) Axes
 + Level 4.0(0.0) Armour
 + Level 2.7(0.0) Stealth
 + Level 4.1(0.0) Shields


You had 4 spell levels left.
You didn't know any spells.

Dungeon Overview and Level Annotations

Branches:
Dungeon (3/15)

Altars:


Innate Abilities, Weirdness & Mutations

You are resistant to damage.
You can recharge devices by infusing magical energy.
You passively map a small area around you.
You do not heal naturally.


Message History

The orc wizard casts a spell.
The orc wizard seems to speed up.
Something hits you but does no damage.
You miss something. You closely miss the orc wizard.
The orc wizard gestures at you while chanting.
The puff of flame hits you!
* * * LOW HITPOINT WARNING * * *
You block the orc wizard's attack. Something hits you but does no damage.
The orc wizard hits you but does no damage.
You feel drained.
You closely miss something. You hit the orc wizard.
The orc wizard is heavily wounded.
Something hits you but does no damage. You block the orc wizard's attack.
Something hits you but does no damage.
The orc wizard hits you with a dagger of draining.
You feel drained.
Your shield and scale mail prevent you from hitting the orc wizard.
The orc wizard is heavily wounded.
You miss something.
The orc wizard hits you with a dagger of draining.
You die...

(.....#* .≈≈≈≈$.# .......
* ≈≈.≈..# * ....... ###
...(. >..........# * .(.
,, ....... #.... #†#
......#,.....####†##*
......# * #...##..####
......########...{$...##.,
...............)@.........
,
....####.#####..o......##
*
.#######..###..........?.,
...##...........#...####.
†.†.....)....##...#..#
##.......<...###..#..# * *
##................#..# *
#....8.......####.. . *
(...........## .. ,


You could see an orc wizard.

Vanquished Creatures
  Terence (D:3)
  A worker ant zombie (D:3)
  4 gnolls
  2 adders
  An ooze (D:1)
  An adder zombie (D:3)
  2 adder skeletons (D:3)
  2 worms (D:2)
  2 giant geckos
  3 orcs (D:3)
  4 giant cockroaches
  2 goblins
  5 hobgoblins
  12 kobolds
  A quokka (D:3)
  A ball python (D:3)
  6 bats
  4 giant newts
  4 jackals (D:3)
  A jackal skeleton (D:3)
  6 rats
65 creatures vanquished.

Notes
Turn   | Place    | Note
--------------------------------------------------------------
     0 | D:1      | Ngotmuk, the Deep Dwarf Fighter, began the quest for the Orb.
     0 | D:1      | Reached XP level 1. HP: 20/20 MP: 1/1
    51 | D:1      | Reached XP level 2. HP: 27/27 MP: 2/2
   124 | D:1      | Reached skill level 1 in Stealth
   390 | D:1      | Reached XP level 3. HP: 20/34 MP: 3/3
   577 | D:2      | Reached XP level 4. HP: 7/42 MP: 4/4
   863 | D:3      | Reached skill level 4 in Shields
   885 | D:3      | Noticed Terence
   897 | D:3      | Killed Terence
   897 | D:3      | Reached XP level 5. HP: 31/49 MP: 5/5
  1017 | D:3      | HP: 1/50 [orc wizard/puff of flame (5)]
  1019 | D:3      | Slain by an orc wizard

Action                   |  1- 3 |  4- 6 || total
-------------------------+-------+-------++-------
Melee: War axe           |    79 |   116 ||   195
Throw: Tomahawk          |       |     7 ||     7
Evoke: Wand              |       |     1 ||     1
  Eat: Bread ration      |       |     1 ||     1
